 Dungeon Crawl Stone Soup version 0.32-a0-931-g5a2cda0630 (webtiles) character file.

Game seed: 11173913594393544481

4 whatisthis the Gusty (level 1, -1/10 HPs)
             Began as a Deep Elf Air Elementalist on Apr 13, 2024.
             Constricted to death by a ball python (2 damage)
             ... on level 1 of the Dungeon.
             The game lasted 00:00:36 (133 turns).

whatisthis the Gusty (Deep Elf Air Elementalist)     Turns: 133, Time: 00:00:37

Health: -1/10      AC:  2    Str:  5    XL:     1   Next: 50%
Magic:  5/6        EV:  1    Int: 19    God:
Gold:   37         SH:  0    Dex: 15    Spells: 5/6 levels left

rFire   . . .        f - +0 short sword (freeze)
rCold   . . .        (no shield)
rNeg    . . .        a - +0 robe
rPois   .            (no helmet)
rElec   .            (no cloak)
rCorr   .            (no gloves)
SInv    .            (no boots)
Will    .....        (no amulet)
Stlth   ++           (no ring)
HPRegen 0.21/turn    (no ring)
MPRegen 0.10/turn

%: no passive effects
@: constricted
A: no striking features
a: no special abilities


You were on level 1 of the Dungeon.
You visited 1 branch of the dungeon, and saw 1 of its levels.

You collected 37 gold pieces.

Inventory:

Hand Weapons
 f - a +0 short sword of freezing (weapon)
Armour
 a - a +0 robe (worn)
Scrolls
 c - a scroll of teleportation {unknown}
 d - a scroll of identify {unknown}
Potions
 b - a potion of magic


   Skills:
 + Level 0.2 Fighting
 - Level 2.4 Dodging
 - Level 2.4 Stealth
 + Level 3.1 Spellcasting
 + Level 1.2 Conjurations
 + Level 3.3 Air Magic


You had 5 spell levels left.
You knew the following spells:

 Your Spells              Type           Power      Damage    Failure   Level
a - Shock                 Conj/Air       44%        1d5       6%          1

Your spell library contained the following spells:

 Spells                   Type           Power      Damage    Failure   Level
 Static Discharge         Conj/Air       22%        3-4/arc   9%          2
 Swiftness                Air            15%        N/A       12%         3
 Ensorcelled Hibernation  Hex/Ice        4%         N/A       22%         2
 Airstrike                Air            7%         2d(2-18)  36%         4
 Fugue of the Fallen      Necr           2%         N/A       41%         3
 Anguish                  Hex/Necr       1%         N/A       83%         4


Dungeon Overview and Level Annotations

Branches:
Dungeon (1/15)

Altars:


Message History

You now have 37 gold pieces (gained 8).
A ball python is nearby!
The ball python hisses angrily.
Aiming: Shock (safe; 6% risk of failure)
Press: ? - help, Q - select action Shift-Dir - straight line, f - ball python
Aim: a ball python (64% to hit)
The zap misses the ball python.
Unknown command.
You hit the ball python. You freeze the ball python.
You kill the ball python!
Found a stone staircase leading down.
You see here a ball python corpse.
You start resting.
Magic restored.
A kobold comes into view. It is wielding a +0 dagger.
The helpless kobold fails to defend itself.
You hit the kobold. You freeze the kobold.
You kill the kobold!
Found an escape hatch in the floor.
A ball python comes into view.
The ball python hisses angrily.
You closely miss the ball python. The ball python bites you.
You hit the ball python but do no damage.
The ball python bites you but does no damage.
The ball python grabs you. The ball python constricts you.
You closely miss the ball python. The ball python bites you.
The ball python constricts you.
You closely miss the ball python. The ball python bites you.
The ball python constricts you.
* * * LOW HITPOINT WARNING * * *
The ball python bites you.
* * * LOW HITPOINT WARNING * * *
The ball python constricts you.
* * * LOW HITPOINT WARNING * * *
Aiming: Shock (safe; 6% risk of failure)
Press: ? - help, Q - select action Shift-Dir - straight line, f - ball python
Aim: a ball python (constricting you, 64% to hit)
The zap misses the ball python.
The ball python barely misses you. The ball python constricts you.
You die...

....#.........# #.....#
.......>......## ##.....
....#..........####....#.
.....#.#######†.#.##.....
..##.)..## ##.#.#...#..
.####...## #.#.##.....
#.>.......#####...#..#...
########......###.##...#.
#....S@..^......#......
...####.######...##.....
#.# ###.#...... #.#
####.)##..... #.#
#.......#.#.# ...
#.###.#.##### .## ..
#........ . ## ###......
#######


You could see a ball python.

Vanquished Creatures
  2 kobolds (D:1)
  A ball python (D:1)
  A frilled lizard (D:1)
4 creatures vanquished.

Notes
Turn   | Place    | Note
-------+----------+-------------------------------------------
     0 | D:1      | whatisthis the Deep Elf Air Elementalist began the quest
                  | for the Orb.
     0 | D:1      | Reached XP level 1. HP: 10/10 MP: 6/6
   133 | D:1      | Constricted to death by a ball python

Illustrated notes

Levels and vault maps discovered:
D:1:      co_arrival_square_in_a_square_in_a_square, layout_rooms,
          shapermc_ecumenical_altar_mp_ritualfount

Action                     || total
---------------------------++-------
  Melee: Short sword       ||     6
   Cast: Shock             ||     5
   Stab: Sleeping          ||     1
 Armour: Robe              ||    10
  Dodge: Dodged            ||     1

Table legend: (Time is in decaauts)
 A = Elapsed time spent in this place.
 B = Non-inter-level travel time spent in this place.
 C = Inter-level travel time spent in this place.
 D = Time resting spent in this place.
 E = Time spent auto-exploring this place.
 F = Levels seen in this place.
 G = Mean time per level.
                   A        B        C        D        E       F      G
               +--------+--------+--------+--------+--------+-----+--------+
         Total |    132 |    132 |      0 |     21 |     33 |   1 |  132.0 |
       Dungeon |    132 |    132 |      0 |     21 |     33 |   1 |  132.0 |
               +--------+--------+--------+--------+--------+-----+--------+

Top non-repeatable levels by time:
     D:1: 132 daAuts
